[ AOE2 MATCH · #489825762 ]
UnrankedBritons vs Huns
[ REPLAY ANALYSIS · EXTRACTED FROM THE RECORDED GAME ]
Feudal
10:06
Castle
13:55
Imperial
30:04
| APM avg | 38.2 |
| APM peak | 64 |
| eAPM avg | 22.3 |
| Villagers / military | 126 / 67 |
Focus
⚔️ 36.8% · 🌾 63.2%
Longbowman ×46 · Trebuchet (Packed) ×14 · Battering Ram ×4 · Monk ×2 · Mangonel ×1
Feudal
11:54
Castle
15:49
Imperial
31:46
| APM avg | 24.5 |
| APM peak | 53 |
| eAPM avg | 16.1 |
| Villagers / military | 125 / 94 |
Focus
⚔️ 15.2% · 🌾 84.8%
Skirmisher ×65 · Tarkan ×24 · Trebuchet (Packed) ×4 · Mangonel ×1
Feudal
11:03
Castle
15:29
Imperial
—
| APM avg | 39.6 |
| APM peak | 113 |
| eAPM avg | 12.9 |
| Villagers / military | 75 / 35 |
Focus
⚔️ 19.2% · 🌾 80.8%
Archer ×29 · Spearman ×6
Feudal
9:23
Castle
17:31
Imperial
29:25
| APM avg | 20.1 |
| APM peak | 36 |
| eAPM avg | 13.4 |
| Villagers / military | 85 / 108 |
Focus
⚔️ 31.8% · 🌾 68.2%
Hand Cannoneer ×53 · Coustillier ×39 · Spearman ×7 · Bombard Cannon ×5 · Monk ×2 · Flemish Militia ×2
Match map
Initial resources + every placement click. Lines = walls · curves = elevation contours. ◆ gold · ⬟ stone · ● berries · ✦ relic · ◌ wall gap
Your base· ✓ Closed at 13:55 · 0t walls · 2 gate(s)
orestsymeonidhs's base· ✓ Closed at 15:49 · 0t walls · 2 gate(s)
Guru8722's base· ✓ Closed at 15:29 · 0t walls · 2 gate(s)
daresito90's base· ✓ Closed at 17:31 · 0t walls · 2 gate(s)
Smoothed initial terrain · ◌ = detected wall gap · hover for details
Inputs per minute
— Sanji-San - - orestsymeonidhs
Build order — Sanji-San
First 150 of 297 actions detected
| 0:01 | Create | Villager (Male) |
| 0:02 | Create | Villager (Male) |
| 0:03 | Build | House |
| 0:04 | Build | House |
| 0:21 | Create | Villager (Male) |
| 0:41 | Create | Villager (Male) |
| 1:20 | Create | Villager (Male) |
| 1:20 | Create | Villager (Male) |
| 1:53 | Build | Lumber Camp |
| 1:55 | Create | Villager (Male) |
| 2:10 | Create | Villager (Male) |
| 2:34 | Create | Villager (Male) |
| 2:34 | Create | Villager (Male) |
| 3:27 | Create | Villager (Male) |
| 3:38 | Create | Villager (Male) |
| 3:51 | Build | House |
| 3:55 | Create | Villager (Male) |
| 4:32 | Build | Mill |
| 4:53 | Create | Villager (Male) |
| 4:54 | Create | Villager (Male) |
| 4:54 | Create | Villager (Male) |
| 5:54 | Create | Villager (Male) |
| 5:57 | Build | House |
| 6:28 | Create | Villager (Male) |
| 7:00 | Create | Villager (Male) |
| 7:15 | Create | Villager (Male) |
| 7:37 | Research | Feudal Age |
| 8:02 | Build | Mining Camp |
| 9:06 | Create | Villager (Male) |
| 9:44 | Build | Farm |
| 9:47 | Build | Farm |
| 10:06 | Age | Feudal Age |
| 10:14 | Build | Market |
| 10:20 | Create | Villager (Male) |
| 10:30 | Build | Blacksmith |
| 10:59 | Create | Villager (Male) |
| 11:15 | Research | Castle Age |
| 11:16 | Research | Castle Age |
| 11:28 | Build | Mining Camp |
| 11:33 | Research | Double-Bit Axe |
| 11:56 | Build | House |
| 11:58 | Build | House |
| 12:01 | Create | Villager (Male) |
| 12:54 | Create | Villager (Male) |
| 13:24 | Research | Horse Collar |
| 13:36 | Create | Villager (Male) |
| 13:53 | Create | Villager (Male) |
| 13:55 | Age | Castle Age |
| 14:20 | Build | Town Center |
| 14:54 | Create | Villager (Male) |
| 15:05 | Create | Villager (Male) |
| 15:08 | Build | Farm |
| 15:08 | Build | Farm |
| 15:08 | Build | Farm |
| 15:23 | Create | Villager (Male) |
| 15:42 | Create | Villager (Male) |
| 15:46 | Build | Farm |
| 15:52 | Build | Farm |
| 16:00 | Research | Loom |
| 16:10 | Build | Castle |
| 16:13 | Create | Villager (Male) |
| 16:34 | Build | Town Center |
| 16:36 | Create | Villager (Male) |
| 16:48 | Build | Mining Camp |
| 16:55 | Create | Villager (Male) |
| 16:59 | Build | House |
| 17:02 | Build | House |
| 17:07 | Research | Bow Saw |
| 17:07 | Research | Bow Saw |
| 17:32 | Build | Siege Workshop |
| 17:41 | Create | Villager (Male) |
| 17:48 | Create | Villager (Male) |
| 17:48 | Create | Villager (Male) |
| 17:54 | Create | Villager (Male) |
| 18:01 | Build | Mining Camp |
| 18:11 | Build | House |
| 18:16 | Create | Villager (Male) |
| 18:16 | Create | Villager (Male) |
| 18:26 | Create | Longbowman |
| 18:27 | Create | Longbowman |
| 18:40 | Create | Longbowman |
| 18:40 | Create | Longbowman |
| 18:45 | Create | Villager (Male) |
| 18:46 | Create | Villager (Male) |
| 19:02 | Create | Battering Ram |
| 19:12 | Create | Villager (Male) |
| 19:16 | Build | Farm |
| 19:16 | Build | Farm |
| 19:16 | Build | Farm |
| 19:16 | Build | Farm |
| 19:17 | Build | Farm |
| 19:22 | Build | Farm |
| 19:36 | Create | Longbowman |
| 19:45 | Create | Longbowman |
| 19:45 | Create | Longbowman |
| 19:54 | Research | Fletching |
| 19:58 | Create | Villager (Male) |
| 19:58 | Create | Villager (Male) |
| 20:25 | Create | Longbowman |
| 20:25 | Create | Longbowman |
| 20:38 | Create | Villager (Male) |
| 20:38 | Create | Villager (Male) |
| 20:53 | Build | Farm |
| 20:53 | Build | Farm |
| 20:54 | Build | Farm |
| 20:54 | Build | Farm |
| 20:54 | Build | Farm |
| 21:10 | Create | Villager (Male) |
| 21:12 | Create | Villager (Male) |
| 21:12 | Create | Villager (Male) |
| 21:18 | Create | Mangonel |
| 22:00 | Research | Bodkin Arrow |
| 22:22 | Create | Villager (Male) |
| 22:42 | Build | Farm |
| 22:42 | Build | Farm |
| 22:42 | Build | Farm |
| 22:54 | Create | Villager (Male) |
| 22:54 | Create | Villager (Male) |
| 23:05 | Build | Farm |
| 23:15 | Build | Farm |
| 23:28 | Build | Farm |
| 23:31 | Build | Farm |
| 23:33 | Build | Farm |
| 23:37 | Create | Villager (Male) |
| 23:40 | Research | Wheelbarrow |
| 23:46 | Build | Monastery |
| 23:51 | Create | Villager (Male) |
| 23:53 | Create | Villager (Male) |
| 23:58 | Build | Farm |
| 23:59 | Create | Villager (Male) |
| 24:17 | Build | Farm |
| 24:19 | Create | Villager (Male) |
| 24:25 | Build | Lumber Camp |
| 24:37 | Build | Farm |
| 24:40 | Create | Monk |
| 24:52 | Create | Villager (Male) |
| 24:52 | Create | Villager (Male) |
| 24:53 | Create | Villager (Male) |
| 24:54 | Create | Villager (Male) |
| 25:03 | Build | University |
| 25:17 | Create | Monk |
| 25:26 | Create | Villager (Male) |
| 25:29 | Create | Villager (Male) |
| 25:56 | Create | Villager (Male) |
| 26:03 | Create | Longbowman |
| 26:04 | Create | Longbowman |
| 26:54 | Research | Imperial Age |
| 26:58 | Create | Longbowman |
| 26:58 | Create | Longbowman |
| 27:16 | Create | Villager (Male) |
Build order — orestsymeonidhs
First 150 of 334 actions detected
| 0:05 | Create | Villager (Male) ×4 |
| 1:53 | Create | Villager (Male) |
| 1:53 | Create | Villager (Male) |
| 1:53 | Create | Villager (Male) |
| 2:21 | Create | Villager (Male) |
| 2:21 | Create | Villager (Male) |
| 2:47 | Create | Villager (Male) |
| 3:10 | Create | Villager (Male) |
| 3:30 | Create | Villager (Male) |
| 4:36 | Create | Villager (Male) |
| 4:36 | Create | Villager (Male) |
| 4:36 | Create | Villager (Male) |
| 4:36 | Create | Villager (Male) |
| 4:37 | Create | Villager (Male) |
| 5:32 | Create | Villager (Male) |
| 5:33 | Create | Villager (Male) |
| 5:48 | Build | Mill |
| 7:12 | Build | Lumber Camp |
| 7:14 | Create | Villager (Male) |
| 7:14 | Create | Villager (Male) |
| 7:14 | Create | Villager (Male) |
| 7:42 | Build | Mining Camp |
| 8:14 | Create | Villager (Male) |
| 8:15 | Create | Villager (Male) |
| 8:15 | Create | Villager (Male) |
| 9:01 | Research | Feudal Age |
| 9:45 | Create | Villager (Male) |
| 9:46 | Create | Villager (Male) |
| 9:46 | Create | Villager (Male) |
| 11:54 | Age | Feudal Age |
| 11:55 | Build | Blacksmith |
| 11:58 | Build | Market |
| 12:04 | Build | Farm |
| 12:04 | Build | Farm |
| 12:04 | Build | Farm |
| 12:05 | Build | Farm |
| 12:05 | Build | Farm |
| 12:05 | Build | Farm |
| 12:05 | Build | Farm |
| 12:08 | Build | Farm |
| 12:08 | Build | Farm |
| 12:09 | Build | Farm |
| 12:09 | Build | Farm |
| 12:09 | Build | Farm |
| 12:14 | Build | Farm |
| 12:55 | Research | Castle Age |
| 14:21 | Create | Villager (Male) |
| 14:22 | Create | Villager (Male) |
| 14:22 | Create | Villager (Male) |
| 15:49 | Age | Castle Age |
| 15:51 | Build | Town Center |
| 16:04 | Build | Town Center |
| 16:10 | Research | Loom |
| 16:18 | Build | Farm |
| 16:18 | Build | Farm |
| 16:18 | Build | Farm |
| 16:18 | Build | Farm |
| 16:18 | Build | Farm |
| 16:19 | Build | Farm |
| 16:20 | Build | Farm |
| 16:20 | Build | Farm |
| 16:20 | Build | Farm |
| 16:20 | Build | Farm |
| 16:20 | Build | Farm |
| 16:21 | Build | Farm |
| 16:21 | Build | Farm |
| 16:21 | Build | Farm |
| 16:21 | Build | Farm |
| 16:22 | Build | Farm |
| 16:22 | Build | Farm |
| 16:22 | Build | Farm |
| 16:22 | Build | Farm |
| 16:22 | Build | Farm |
| 16:23 | Build | Farm |
| 16:23 | Build | Farm |
| 16:27 | Create | Villager (Male) |
| 16:27 | Create | Villager (Male) |
| 16:48 | Build | Farm |
| 16:51 | Build | Farm |
| 16:52 | Build | Farm |
| 16:52 | Build | Farm |
| 16:52 | Build | Farm |
| 16:58 | Create | Villager (Male) |
| 16:58 | Create | Villager (Male) |
| 17:30 | Build | Farm |
| 17:30 | Build | Farm |
| 17:30 | Build | Farm |
| 17:39 | Build | Farm |
| 17:41 | Build | Farm |
| 17:46 | Create | Villager (Male) |
| 17:47 | Create | Villager (Male) |
| 18:05 | Build | University |
| 18:07 | Build | Gate |
| 18:14 | Create | Villager (Male) |
| 18:14 | Create | Villager (Male) |
| 18:24 | Build | Barracks |
| 18:35 | Build | Gate |
| 18:39 | Create | Villager (Male) |
| 18:39 | Create | Villager (Male) |
| 19:08 | Build | Siege Workshop |
| 19:39 | Build | Mining Camp |
| 19:45 | Create | Villager (Male) |
| 19:45 | Create | Villager (Male) |
| 19:45 | Create | Villager (Male) |
| 20:04 | Create | Villager (Male) |
| 20:05 | Create | Villager (Male) |
| 20:05 | Create | Villager (Male) |
| 20:05 | Create | Villager (Male) |
| 20:05 | Create | Villager (Male) |
| 20:06 | Create | Villager (Male) |
| 20:06 | Create | Villager (Male) |
| 20:06 | Create | Villager (Male) |
| 20:06 | Create | Villager (Male) |
| 20:06 | Create | Villager (Male) |
| 20:07 | Create | Villager (Male) |
| 20:07 | Create | Villager (Male) |
| 20:07 | Create | Villager (Male) |
| 20:07 | Create | Villager (Male) |
| 20:08 | Create | Villager (Male) |
| 20:19 | Build | Farm |
| 20:20 | Build | Farm |
| 20:20 | Build | Farm |
| 20:21 | Build | Farm |
| 20:22 | Build | Farm |
| 20:22 | Build | Farm |
| 20:22 | Build | Farm |
| 20:31 | Build | Farm |
| 20:31 | Build | Farm |
| 20:32 | Build | Farm |
| 20:33 | Build | Farm |
| 20:33 | Build | Farm |
| 20:33 | Build | Farm |
| 21:05 | Create | Mangonel |
| 21:10 | Build | Gate |
| 21:26 | Build | Castle |
| 22:19 | Create | Tarkan ×5 |
| 22:42 | Build | Farm |
| 22:42 | Build | Farm |
| 22:42 | Build | Farm |
| 22:42 | Build | Farm |
| 22:43 | Build | Farm |
| 22:45 | Create | Villager (Male) |
| 22:45 | Create | Villager (Male) |
| 22:45 | Create | Villager (Male) |
| 22:45 | Create | Villager (Male) |
| 22:59 | Build | Gate |
| 23:02 | Build | Stone Wall |
| 23:08 | Build | Farm |
| 23:09 | Build | Farm |
| 23:09 | Build | Farm |
Build order — Guru8722
First 150 of 190 actions detected
| 0:01 | Create | Villager (Male) |
| 0:01 | Create | Villager (Male) |
| 0:02 | Create | Villager (Male) |
| 0:02 | Create | Villager (Male) |
| 0:02 | Create | Villager (Male) |
| 0:04 | Build | House |
| 0:06 | Build | House |
| 1:26 | Create | Villager (Male) |
| 1:26 | Create | Villager (Male) |
| 1:26 | Create | Villager (Male) |
| 1:49 | Create | Villager (Male) |
| 1:50 | Create | Villager (Male) |
| 2:23 | Build | Lumber Camp |
| 2:52 | Create | Villager (Male) |
| 2:53 | Create | Villager (Male) |
| 3:58 | Create | Villager (Male) |
| 3:58 | Create | Villager (Male) |
| 3:58 | Create | Villager (Male) |
| 4:08 | Create | Villager (Male) |
| 4:08 | Create | Villager (Male) |
| 4:29 | Build | House |
| 4:47 | Build | Mill |
| 5:39 | Create | Villager (Male) |
| 5:39 | Create | Villager (Male) |
| 5:39 | Create | Villager (Male) |
| 6:58 | Build | House |
| 7:38 | Create | Villager (Male) |
| 7:38 | Create | Villager (Male) |
| 8:19 | Create | Villager (Male) |
| 8:34 | Build | Mining Camp |
| 8:39 | Research | Feudal Age |
| 10:10 | Build | Lumber Camp |
| 11:03 | Age | Feudal Age |
| 11:09 | Build | Market |
| 11:54 | Create | Villager (Male) |
| 12:13 | Build | Blacksmith |
| 12:22 | Create | Villager (Male) |
| 12:49 | Research | Castle Age |
| 12:55 | Build | Mining Camp |
| 13:22 | Research | Double-Bit Axe |
| 13:36 | Create | Villager (Male) |
| 14:20 | Create | Villager (Male) |
| 14:20 | Create | Villager (Male) |
| 15:29 | Age | Castle Age |
| 15:31 | Research | Bow Saw |
| 16:03 | Build | House |
| 16:36 | Build | House |
| 16:37 | Create | Villager (Male) |
| 16:38 | Create | Villager (Male) |
| 17:01 | Create | Villager (Male) |
| 17:01 | Create | Villager (Male) |
| 17:04 | Build | Farm |
| 17:05 | Build | Farm |
| 17:05 | Build | Farm |
| 17:05 | Build | Farm |
| 17:06 | Build | Farm |
| 17:18 | Build | University |
| 17:55 | Build | Castle |
| 18:33 | Create | Villager (Male) |
| 18:42 | Build | House |
| 19:27 | Create | Villager (Male) |
| 19:27 | Create | Villager (Male) |
| 19:27 | Create | Villager (Male) |
| 19:38 | Build | Barracks |
| 19:51 | Create | Villager (Male) |
| 20:00 | Build | Farm |
| 20:25 | Research | Loom |
| 21:00 | Build | Archery Range |
| 21:17 | Build | Castle |
| 21:40 | Create | Spearman |
| 21:40 | Create | Spearman |
| 22:01 | Create | Archer |
| 22:01 | Create | Archer |
| 22:33 | Create | Archer |
| 22:33 | Create | Archer |
| 22:44 | Create | Villager (Male) |
| 22:44 | Create | Villager (Male) |
| 23:26 | Research | Forging |
| 23:30 | Research | Scale Mail Armor |
| 24:10 | Build | Castle |
| 24:38 | Research | Crossbowman (upgrade) |
| 25:34 | Build | Archery Range |
| 25:49 | Create | Archer |
| 25:49 | Create | Archer |
| 25:53 | Create | Archer |
| 25:54 | Create | Archer |
| 26:41 | Build | Farm |
| 26:46 | Build | Farm |
| 26:47 | Create | Villager (Male) |
| 27:13 | Build | Mining Camp |
| 27:17 | Create | Archer |
| 27:22 | Build | Farm |
| 27:24 | Research | Horse Collar |
| 27:36 | Create | Villager (Male) |
| 27:36 | Create | Villager (Male) |
| 28:01 | Research | Gold Mining |
| 28:13 | Build | Town Center |
| 28:21 | Create | Villager (Male) |
| 28:22 | Create | Villager (Male) |
| 28:46 | Create | Villager (Male) |
| 28:48 | Create | Villager (Male) |
| 29:14 | Create | Villager (Male) |
| 29:14 | Create | Villager (Male) |
| 29:56 | Build | Barracks |
| 30:00 | Build | Barracks |
| 30:06 | Create | Villager (Male) |
| 30:07 | Create | Villager (Male) |
| 30:11 | Create | Villager (Male) |
| 30:11 | Create | Villager (Male) |
| 30:24 | Create | Villager (Male) |
| 30:24 | Create | Villager (Male) |
| 30:53 | Build | Farm |
| 31:02 | Build | Farm |
| 31:18 | Create | Archer |
| 31:18 | Create | Archer |
| 31:18 | Create | Archer |
| 31:24 | Create | Spearman |
| 31:24 | Create | Spearman |
| 31:25 | Create | Spearman |
| 31:25 | Create | Spearman |
| 31:47 | Research | Chain Mail Armor |
| 31:58 | Build | Farm |
| 31:59 | Build | Farm |
| 31:59 | Build | Farm |
| 31:59 | Create | Villager (Male) |
| 32:00 | Create | Villager (Male) |
| 32:05 | Create | Villager (Male) |
| 32:06 | Create | Villager (Male) |
| 32:08 | Research | Ballistics |
| 32:27 | Build | Farm |
| 32:28 | Build | Farm |
| 32:28 | Build | Farm |
| 32:28 | Build | Farm |
| 32:28 | Build | Farm |
| 32:30 | Create | Villager (Male) |
| 32:30 | Create | Villager (Male) |
| 33:12 | Research | Fletching |
| 33:44 | Build | Archery Range |
| 33:50 | Build | Farm |
| 33:53 | Research | Wheelbarrow |
| 33:54 | Create | Villager (Male) |
| 33:54 | Create | Villager (Male) |
| 34:14 | Create | Archer |
| 34:14 | Create | Archer |
| 34:14 | Create | Archer |
| 34:14 | Create | Archer |
| 34:30 | Build | Archery Range |
| 34:32 | Create | Archer |
| 34:32 | Create | Archer |
| 34:32 | Create | Archer |
Build order — daresito90
First 150 of 294 actions detected
| 0:00 | Create | Villager (Male) |
| 0:01 | Create | Villager (Male) |
| 0:01 | Create | Villager (Male) |
| 0:03 | Build | House |
| 0:05 | Build | House |
| 0:12 | Create | Villager (Male) |
| 0:26 | Build | House |
| 1:44 | Create | Villager (Male) |
| 2:12 | Create | Villager (Male) |
| 2:35 | Create | Villager (Male) |
| 3:01 | Create | Villager (Male) |
| 3:29 | Build | Lumber Camp |
| 3:32 | Create | Villager (Male) |
| 3:33 | Create | Villager (Male) |
| 4:03 | Create | Villager (Male) |
| 4:04 | Create | Villager (Male) |
| 4:32 | Create | Villager (Male) |
| 4:54 | Create | Villager (Male) |
| 5:32 | Create | Villager (Male) |
| 6:15 | Create | Villager (Male) |
| 6:16 | Create | Villager (Male) |
| 6:30 | Build | Mill |
| 7:13 | Research | Feudal Age |
| 8:04 | Research | Double-Bit Axe |
| 8:36 | Research | Horse Collar |
| 9:02 | Build | House |
| 9:16 | Create | Villager (Male) |
| 9:17 | Create | Villager (Male) |
| 9:23 | Age | Feudal Age |
| 9:25 | Research | Heavy Plow |
| 9:56 | Build | Farm |
| 10:01 | Build | Farm |
| 10:27 | Build | Farm |
| 10:32 | Create | Villager (Male) |
| 10:32 | Create | Villager (Male) |
| 10:32 | Create | Villager (Male) |
| 10:33 | Create | Villager (Male) |
| 10:44 | Build | Mining Camp |
| 10:55 | Build | House |
| 11:04 | Build | House |
| 11:08 | Create | Villager (Male) |
| 11:29 | Build | Farm |
| 11:54 | Build | Farm |
| 12:02 | Create | Villager (Male) |
| 12:03 | Create | Villager (Male) |
| 12:15 | Build | Farm |
| 12:41 | Build | Farm |
| 12:47 | Create | Villager (Male) |
| 12:56 | Build | Market |
| 13:05 | Build | Blacksmith |
| 13:32 | Build | Farm |
| 14:22 | Build | Farm |
| 14:51 | Research | Castle Age |
| 15:00 | Build | House |
| 15:02 | Build | House |
| 15:08 | Build | House |
| 15:15 | Build | Barracks |
| 15:19 | Build | House |
| 15:20 | Build | House |
| 15:44 | Research | Bow Saw |
| 15:47 | Research | Gold Mining |
| 15:52 | Research | Stone Mining |
| 15:58 | Build | House |
| 16:00 | Build | House |
| 16:03 | Build | House |
| 16:16 | Build | House |
| 16:22 | Create | Villager (Male) |
| 16:27 | Create | Spearman |
| 16:35 | Create | Spearman |
| 16:52 | Build | House |
| 16:56 | Create | Villager (Male) |
| 16:59 | Create | Spearman |
| 17:14 | Create | Spearman |
| 17:31 | Age | Castle Age |
| 17:34 | Build | Monastery |
| 17:37 | Create | Villager (Male) |
| 17:38 | Create | Villager (Male) |
| 17:58 | Create | Monk |
| 18:11 | Build | Town Center |
| 18:22 | Create | Monk |
| 18:38 | Create | Villager (Male) |
| 19:22 | Create | Spearman |
| 19:22 | Create | Spearman |
| 19:22 | Create | Spearman |
| 19:55 | Create | Villager (Male) |
| 19:55 | Create | Villager (Male) |
| 19:55 | Create | Villager (Male) |
| 20:00 | Build | Farm |
| 20:05 | Build | Farm |
| 21:12 | Create | Villager (Male) |
| 21:12 | Create | Villager (Male) |
| 21:16 | Create | Villager (Male) |
| 21:16 | Create | Villager (Male) |
| 21:27 | Build | Town Center |
| 22:33 | Build | Farm |
| 22:37 | Build | Farm |
| 22:42 | Build | Farm |
| 22:44 | Create | Villager (Male) |
| 22:44 | Create | Villager (Male) |
| 22:46 | Create | Villager (Male) |
| 22:47 | Create | Villager (Male) |
| 22:53 | Build | Farm |
| 22:58 | Build | Farm |
| 23:03 | Build | Farm |
| 23:08 | Create | Villager (Male) |
| 23:08 | Create | Villager (Male) |
| 23:12 | Create | Villager (Male) |
| 23:12 | Create | Villager (Male) |
| 23:37 | Build | University |
| 24:11 | Build | Farm |
| 24:15 | Create | Villager (Male) |
| 24:17 | Create | Villager (Male) |
| 24:17 | Create | Villager (Male) |
| 24:27 | Build | Castle |
| 24:29 | Create | Flemish Militia |
| 24:30 | Create | Flemish Militia |
| 24:42 | Build | Farm |
| 24:44 | Create | Villager (Male) |
| 24:44 | Create | Villager (Male) |
| 25:02 | Build | Farm |
| 26:09 | Create | Coustillier |
| 26:10 | Create | Coustillier |
| 26:15 | Research | Imperial Age |
| 26:34 | Build | Town Center |
| 26:43 | Build | House |
| 26:44 | Build | House |
| 26:45 | Build | House |
| 26:51 | Build | House |
| 26:53 | Build | House |
| 26:55 | Research | Wheelbarrow |
| 26:57 | Research | Loom |
| 26:58 | Research | Town Watch |
| 27:00 | Create | Coustillier |
| 27:00 | Create | Coustillier |
| 27:01 | Create | Coustillier |
| 27:06 | Create | Villager (Male) |
| 27:07 | Create | Villager (Male) |
| 27:09 | Create | Villager (Male) |
| 27:23 | Build | Farm |
| 27:31 | Build | Siege Workshop |
| 27:34 | Create | Coustillier |
| 27:35 | Create | Coustillier |
| 27:49 | Create | Villager (Male) |
| 27:49 | Create | Villager (Male) |
| 27:54 | Create | Villager (Male) |
| 27:59 | Create | Villager (Male) |
| 27:59 | Create | Villager (Male) |
| 28:24 | Build | Gate |
| 28:31 | Build | Siege Workshop |
| 28:36 | Create | Coustillier |
Match timeline
| 9:23 | daresito90 · age_up feudal |
| 10:06 | Sanji-San · age_up feudal |
| 11:03 | Guru8722 · age_up feudal |
| 11:54 | orestsymeonidhs · age_up feudal |
| 13:55 | Sanji-San · age_up castle |
| 15:15 | daresito90 · first_building Barracks |
| 15:29 | Guru8722 · age_up castle |
| 15:49 | orestsymeonidhs · age_up castle |
| 16:10 | Sanji-San · first_building Castle |
| 16:24 | Sanji-San · first_market_buy 100 stone |
| 17:31 | daresito90 · age_up castle |
| 17:32 | Sanji-San · first_building Siege Workshop |
| 17:34 | daresito90 · first_building Monastery |
| 17:55 | Guru8722 · first_building Castle |
| 18:24 | orestsymeonidhs · first_building Barracks |
| 19:08 | orestsymeonidhs · first_building Siege Workshop |
| 19:38 | Guru8722 · first_building Barracks |
| 21:00 | Guru8722 · first_building Archery Range |
| 21:26 | orestsymeonidhs · first_building Castle |
| 23:02 | orestsymeonidhs · wall_segment Stone Wall x1 |
| 23:46 | Sanji-San · first_building Monastery |
| 24:27 | daresito90 · first_building Castle |
| 26:17 | Sanji-San · first_market_sell 100 wood |
| 27:05 | Guru8722 · first_market_buy 100 wood |
| 27:31 | daresito90 · first_building Siege Workshop |
| 29:20 | orestsymeonidhs · first_building Archery Range |
| 29:25 | daresito90 · age_up imperial |
| 29:48 | daresito90 · first_building Archery Range |
| 30:04 | Sanji-San · age_up imperial |
| 31:46 | orestsymeonidhs · age_up imperial |
| 39:25 | orestsymeonidhs · first_building Stable |
| 40:38 | Guru8722 · first_market_sell 500 wood |
| 41:48 | Sanji-San · resign |
[ AI ANALYSIS · 1 CREDIT ]
What really happened in this match?
Wolo.gg analyzes every decision: build order, eco, micro, common mistakes by bracket. Personalized analysis on WhatsApp or Discord in 30 seconds.
Civ guide
Britons
Perfil
Jugador #11961866